[Event "Titled Tuesday Blitz October 19 2021"]
[White "Babiy, Olga"]
[Black "Nguyen, Ngoc Truong Son"]
[WhiteFideId "14117258"]
[BlackFideId "12401110"]
[WhiteElo "2192"]
[BlackElo "2596"]
[Result "0-1"]
[Round "01"]
[TimeControl "180+1"]
[Date "2021.10.19"]
[WhiteClock "0:00:02"]
[BlackClock "0:01:12"]

1. Nf3 Nf6 2. g3 g6 3. Bg2 Bg7 4. O-O O-O 5. d4 d6 6. Nc3 Nbd7 7. e4 e5 8. Re1 c6 9. h3 Qc7 10. Bg5 h6 11. Be3 b5 12. a3 a6 13. Qd2 Kh7 14. Rad1 Bb7 15. dxe5 dxe5 16. Qd6 Qxd6 17. Rxd6 Rfd8 18. Red1 Bf8 19. R6d2 Be7 20. Ne1 c5 21. f4 b4 22. axb4 cxb4 23. Nd5 Bxd5 24. exd5 e4 25. d6 Bf8 26. g4 Re8 27. Rd4 a5 28. g5 hxg5 29. fxg5 Nh5 30. Rxe4 Rxe4 31. Bxe4 Re8 32. Rd4 Bg7 33. Rc4 f5 34. Bc6 Rxe3 35. Kf2 Re6 36. Bxd7 Rxd6 37. Bb5 Bxb2 38. Nd3 Bd4+ 39. Kf3 Bb6 40. Rc8 Ng7 41. Bc4 Ne6 42. h4 Nd4+ 43. Kg2 Nxc2 44. Bg8+ Kg7 45. Nf4 Nd4 46. h5 gxh5 47. Nxh5+ Kg6 48. Nf4+ Kxg5 49. Nh3+ Kf6 50. Bc4 Rc6 51. Rxc6+ Nxc6 52. Nf4 Ke5 0-1


[Site "https://www.chess.com"]

[Event "Titled Tuesday Blitz October 19 2021"]
[White "Bazeev, German"]
[Black "Klabis, Rokas"]
[WhiteFideId "24119350"]
[BlackFideId "12805246"]
[WhiteElo "2462"]
[BlackElo "2255"]
[Result "1/2-1/2"]
[Round "01"]
[TimeControl "180+1"]
[Date "2021.10.19"]
[WhiteClock "0:00:36"]
[BlackClock "0:00:40"]

1. d4 Nf6 2. Nf3 e6 3. c4 b6 4. Nc3 Bb7 5. Bg5 Be7 6. e3 Ne4 7. Bxe7 Qxe7 8. Nxe4 Bxe4 9. Be2 O-O 10. O-O c5 11. dxc5 bxc5 12. Nd2 Bb7 13. Qa4 Bc6 14. Qc2 d6 15. Bf3 Qb7 16. Rfd1 Bxf3 17. Nxf3 Rd8 18. Ng5 g6 19. Ne4 Qc6 20. Nf6+ Kg7 21. Qc3 e5 22. Nd5 Nd7 23. Rd2 Nb6 24. Rad1 Rd7 25. b3 Re8 26. Nf4 Kg8 27. Ne2 d5 28. cxd5 Rxd5 29. Rc1 Rxd2 30. Qxd2 Rc8 31. h4 Qe6 32. Qa5 c4 33. bxc4 Rxc4 34. Rxc4 Qxc4 35. Qxa7 Qxe2 36. Qxb6 Qe1+ 37. Kh2 Qxf2 38. Qb8+ Kg7 39. Qxe5+ Kg8 40. Qe8+ Kg7 41. Qe5+ Kg8 42. Qe8+ Kg7 43. Qe5+ 1/2-1/2


[Site "https://www.chess.com"]

[Event "Titled Tuesday Blitz October 19 2021"]
[White "Bluebaum, Matthias"]
[Black "Zhukov, Maksim"]
[WhiteFideId "24651516"]
[BlackFideId "34181790"]
[WhiteElo "2681"]
[BlackElo "1978"]
[Result "1-0"]
[Round "01"]
[TimeControl "180+1"]
[Date "2021.10.19"]
[WhiteClock "0:02:03"]
[BlackClock "0:01:34"]

1. d4 Nf6 2. Nf3 g6 3. Nc3 d5 4. Bf4 Bg7 5. e3 O-O 6. Nb5 Na6 7. h3 c6 8. Nc3 Nb8 9. Be2 Nbd7 10. O-O Re8 11. Bh2 Nh5 12. Ne5 Nhf6 13. Nf3 a6 14. a4 Nh5 15. e4 dxe4 16. Nxe4 Nhf6 17. Ned2 Nd5 18. Nc4 N5b6 19. a5 Nxc4 20. Bxc4 e5 21. dxe5 Nxe5 22. Bxe5 Qxd1 23. Raxd1 Bxe5 24. Rfe1 1-0


[Site "https://www.chess.com"]

[Event "Titled Tuesday Blitz October 19 2021"]
[White "Demchenko, Anton"]
[Black "MATHEUSMDR2005"]
[WhiteFideId "4160258"]
[WhiteElo "2583"]
[BlackElo "2459"]
[Result "1-0"]
[Round "01"]
[TimeControl "180+1"]
[Date "2021.10.19"]
[WhiteClock "0:00:19"]
[BlackClock "0:00:04"]

1. e4 c5 2. Nf3 Nc6 3. Bb5 e6 4. O-O Nge7 5. Re1 a6 6. Bf1 d5 7. exd5 Nxd5 8. d4 Nf6 9. Be3 cxd4 10. Nxd4 Nxd4 11. Qxd4 Qxd4 12. Bxd4 Be7 13. c4 O-O 14. Nc3 Bd7 15. Rad1 Bc6 16. g3 Rfd8 17. Bb6 Rxd1 18. Rxd1 Kf8 19. Bg2 Bxg2 20. Kxg2 Ke8 21. b3 Bd8 22. Bd4 Rc8 23. Kf3 Bc7 24. h3 Rd8 25. Bxf6 Rxd1 26. Nxd1 gxf6 27. g4 Ke7 28. Ke4 Kd6 29. Nb2 Kc5 30. Nd3+ Kc6 31. f4 Bd6 32. f5 b5 33. h4 a5 34. cxb5+ Kxb5 35. a4+ Kc6 36. h5 Bc5 37. Nf4 Kd6 38. Ne2 Kc6 39. Ng3 Kd6 40. Nf1 Kc6 41. Nd2 Bb4 42. Nf3 Kd6 43. Nd4 Bc5 44. Nc2 Bb4 45. Nxb4 axb4 46. Kd4 e5+ 47. Kc4 e4 48. Kd4 e3 49. Kxe3 1-0


[Site "https://www.chess.com"]

[Event "Titled Tuesday Blitz October 19 2021"]
[White "Derraugh, Geordie"]
[Black "Sethuraman, S.P."]
[WhiteFideId "2603950"]
[BlackFideId "5021596"]
[WhiteElo "2116"]
[BlackElo "2477"]
[Result "0-1"]
[Round "01"]
[TimeControl "180+1"]
[Date "2021.10.19"]
[WhiteClock "0:00:02"]
[BlackClock "0:00:17"]

1. e4 c5 2. c3 Nf6 3. e5 Nd5 4. d4 cxd4 5. Nf3 e6 6. cxd4 d6 7. Nc3 Nxc3 8. bxc3 Qc7 9. Bd2 Nc6 10. exd6 Bxd6 11. Bd3 h6 12. O-O O-O 13. Qe2 Bd7 14. Qe4 f5 15. Qh4 Qd8 16. Qh5 Qf6 17. Rfe1 Rae8 18. Rab1 b6 19. Bc4 Kh8 20. Bg5 Qf7 21. Qh3 Qg6 22. Bd2 e5 23. dxe5 Nxe5 24. Nxe5 Bxe5 25. Bd5 Qd6 26. c4 Bd4 27. Rbd1 Qf6 28. Bb4 Rxe1+ 29. Rxe1 Re8 30. Rxe8+ Bxe8 31. Qd3 Qe5 32. h3 Bg6 33. Bd2 Kh7 34. Qf3 Bc5 35. Bc3 Qe7 36. Kf1 Qg5 37. Qd1 Qf4 38. Qd2 Qd6 39. Bb2 Qe7 40. Qc3 f4 41. Bf3 Bb4 42. Qc1 Bd3+ 43. Kg1 Qf7 44. Bd5 Qf5 45. Qd1 Bc5 46. Qg4 Qxg4 47. hxg4 a5 48. Be5 g5 49. Bb2 Kg6 50. Bc3 Be2 51. Be1 Bxg4 52. Kh2 Bf5 53. g3 fxg3+ 54. Kxg3 h5 55. f4 Bd6 56. Bd2 h4+ 57. Kf3 g4+ 58. Ke3 Bc5+ 59. Ke2 h3 60. Be1 Bd6 61. Bg3 Bc5 62. Kd2 Bb1 63. a4 Bf5 64. Ke2 Bg1 65. Bc6 h2 66. Kf1 Bd3+ 67. Ke1 Bxc4 68. Bxh2 Bxh2 69. Kf2 Bxf4 0-1


[Site "https://www.chess.com"]

[Event "Titled Tuesday Blitz October 19 2021"]
[White "Di Nicolantonio, Lucas"]
[Black "Bortnyk, Olexandr"]
[WhiteFideId "680460"]
[BlackFideId "14120828"]
[WhiteElo "2381"]
[BlackElo "2723"]
[Result "1-0"]
[Round "01"]
[TimeControl "180+1"]
[Date "2021.10.19"]
[WhiteClock "0:00:30"]
[BlackClock "0:00:05"]

1. e4 Nf6 2. Nc3 d5 3. exd5 Nxd5 4. Bc4 Nb6 5. Bb3 c5 6. d3 Nc6 7. Qf3 e6 8. Nge2 Bd6 9. Ne4 Be7 10. Qg3 O-O 11. Bh6 Bf6 12. O-O-O Kh8 13. Bf4 a5 14. Bc7 Qd7 15. Bxb6 a4 16. Bc4 a3 17. Nxf6 axb2+ 18. Kb1 gxf6 19. Bxc5 Rg8 20. Qf4 Rg6 21. h4 e5 22. Qf3 b5 23. Bd5 Bb7 24. h5 Rg7 25. h6 Rg6 26. Be4 Qe6 27. Nc3 b4 28. Nd5 Nd8 29. Nxb4 Rg4 30. Bxb7 Ra5 31. Bd5 Qd7 32. Qxf6+ Kg8 33. Qd6 Qxd6 34. Bxd6 Rg6 35. Bxe5 Rb5 36. Bc3 Ne6 37. Bc4 Rb8 38. Nd5 Rb7 39. Nf6+ Kf8 40. Nxh7+ Ke7 41. Nf6 Nc5 42. h7 Na4 43. Nd5+ Kd6 44. h8=Q f6 45. Qd8+ Kc6 46. Nb4+ 1-0


[Site "https://www.chess.com"]

[Event "Titled Tuesday Blitz October 19 2021"]
[White "Dzhaparov, Medet"]
[Black "Zhigalko, Sergei"]
[WhiteFideId "13803689"]
[BlackFideId "13502956"]
[WhiteElo "1702"]
[BlackElo "2662"]
[Result "0-1"]
[Round "01"]
[TimeControl "180+1"]
[Date "2021.10.19"]
[WhiteClock "0:00:01"]
[BlackClock "0:00:05"]

1. d4 Nf6 2. c4 e6 3. Nc3 Bb4 4. Qc2 O-O 5. a3 Bxc3+ 6. Qxc3 d6 7. Bg5 Nbd7 8. e3 b6 9. Ne2 Bb7 10. Rd1 Re8 11. Qc2 Nf8 12. Nc3 Ng6 13. f3 h6 14. Bxf6 Qxf6 15. Bd3 Nh4 16. O-O Qg5 17. Kh1 Qxe3 18. Be4 Bxe4 19. Nxe4 d5 20. Ng3 Qg5 21. f4 Qg6 22. Qc3 c6 23. Rfe1 Rac8 24. b4 dxc4 25. Qxc4 Red8 26. Rd2 c5 27. bxc5 bxc5 28. d5 exd5 29. Rxd5 Rxd5 30. Qxd5 Qc6 31. Qd2 c4 32. Rc1 c3 33. Qf2 c2 34. Ne2 Nf5 35. Nd4 Nxd4 36. Qxd4 Qe6 37. Qd2 Qc4 38. h3 Qc5 39. Kh2 a5 40. a4 Qc7 41. g3 g6 42. Kg2 h5 43. Kh2 Qc6 44. h4 Qxa4 45. Qd6 Qc6 46. Qd2 Qc3 47. Qd5 Qc5 48. Qd2 a4 49. Qe2 a3 50. Ra1 c1=Q 0-1


[Site "https://www.chess.com"]

[Event "Titled Tuesday Blitz October 19 2021"]
[White "Galego, Luis"]
[Black "Obregon, Andres Carlos"]
[WhiteFideId "1900072"]
[BlackFideId "111724"]
[WhiteElo "2516"]
[BlackElo "2572"]
[Result "0-1"]
[Round "01"]
[TimeControl "180+1"]
[Date "2021.10.19"]
[WhiteClock "0:00:29"]
[BlackClock "0:01:25"]

1. e4 c6 2. Nc3 d5 3. Nf3 g6 4. exd5 cxd5 5. Bb5+ Nc6 6. Ne5 Bd7 7. Nxd7 Qxd7 8. O-O Bg7 9. Qf3 e6 10. Re1 Nge7 11. d3 a6 12. Ba4 b5 13. Bb3 Nd4 14. Qh3 h5 15. Bg5 Ndf5 16. Bxe7 Nxe7 17. a4 b4 18. Na2 Bxb2 19. Rab1 Bg7 20. Nxb4 Bc3 21. Na2 Bxe1 22. Rxe1 Rd8 23. Nc3 O-O 24. Ne2 e5 25. Qh4 Nf5 26. Qf6 Qd6 27. Qg5 Kg7 28. Nc3 f6 29. Qc1 Ne7 30. f4 Qc5+ 0-1


[Site "https://www.chess.com"]

[Event "Titled Tuesday Blitz October 19 2021"]
[White "Gubajdullin, Alexei"]
[Black "Sanal, Vahap"]
[WhiteFideId "4141202"]
[BlackFideId "6300545"]
[WhiteElo "2268"]
[BlackElo "2492"]
[Result "0-1"]
[Round "01"]
[TimeControl "180+1"]
[Date "2021.10.19"]
[WhiteClock "0:00:38"]
[BlackClock "0:01:43"]

1. d4 Nf6 2. Nf3 g6 3. Bf4 Bg7 4. e3 O-O 5. Be2 d6 6. O-O Nbd7 7. h3 b6 8. a4 a6 9. a5 Bb7 10. c3 b5 11. Nbd2 c5 12. Bh2 Qc7 13. Re1 e5 14. dxe5 dxe5 15. Qc2 Rfe8 16. e4 c4 17. Bf1 Nc5 18. Re3 Nh5 19. b4 cxb3 20. Nxb3 Nf4 21. c4 b4 22. Nxc5 Qxc5 23. Rb3 Bc6 24. Qb1 Rab8 25. Ra2 Rb7 26. Ne1 Qd4 27. Re3 h6 28. Rb2 Reb8 29. Nc2 Qc5 30. Qa2 Ne6 31. f3 b3 0-1


[Site "https://www.chess.com"]

[Event "Titled Tuesday Blitz October 19 2021"]
[White "Guliev, Logman"]
[Black "Onyshchuk, Volodymyr"]
[WhiteFideId "13400061"]
[BlackFideId "14114038"]
[WhiteElo "2128"]
[BlackElo "2603"]
[Result "1/2-1/2"]
[Round "01"]
[TimeControl "180+1"]
[Date "2021.10.19"]
[WhiteClock "0:00:14"]
[BlackClock "0:00:15"]

1. e4 e5 2. Nf3 Nc6 3. Bb5 Nf6 4. d3 Bc5 5. O-O d6 6. c3 O-O 7. h3 a6 8. Bxc6 bxc6 9. Re1 Re8 10. Nbd2 a5 11. Nf1 Bb6 12. Be3 Nd7 13. Bxb6 cxb6 14. d4 Qc7 15. Ng3 Nf8 16. Qd2 Ng6 17. Rad1 h6 18. dxe5 dxe5 19. Qd6 Qb7 20. Nf5 f6 21. N3h4 Nf8 22. Re3 Kh7 23. Rg3 Bxf5 24. Nxf5 Ne6 25. Qd7 Qxd7 26. Rxd7 Rg8 27. Re7 Rae8 28. Rb7 Rb8 29. Rd7 Rbd8 30. Rgd3 Rxd7 31. Rxd7 Nc5 32. Rd6 Rc8 33. f3 Rc7 34. b3 g6 35. Ne3 Kg7 36. Nc4 Nd7 37. Kf2 Kf7 38. Ke3 Ke7 39. Rd2 Ra7 40. Nd6 Ra8 41. a4 Nc5 42. Nc4 b5 43. axb5 cxb5 44. Nb6 Rb8 45. Nd5+ Kf7 46. b4 axb4 47. cxb4 Ne6 48. Ra2 Rb7 49. Ra6 f5 50. exf5 gxf5 51. g3 Rd7 52. Nc3 Rd4 53. Nxb5 f4+ 54. gxf4 exf4+ 55. Ke2 Rxb4 56. Nd6+ Ke7 57. Nf5+ Kf6 58. Nxh6 Ke5 59. Ng4+ Kf5 60. Nh6+ Ke5 61. Ng4+ Kf5 62. Ra5+ Kg6 63. h4 Nd4+ 64. Kf2 Rb2+ 65. Kf1 Nxf3 66. h5+ Kf7 67. h6 Nh2+ 68. Nxh2 Rxh2 69. Rf5+ Kg6 70. Rxf4 Kxh6 71. Rf2 Rxf2+ 72. Kxf2 1/2-1/2


[Site "https://www.chess.com"]

[Event "Titled Tuesday Blitz October 19 2021"]
[White "Hajek, Oskar"]
[Black "Kamsky, Gata"]
[WhiteFideId "374512"]
[BlackFideId "2000024"]
[WhiteElo "2144"]
[BlackElo "2603"]
[Result "0-1"]
[Round "01"]
[TimeControl "180+1"]
[Date "2021.10.19"]
[WhiteClock "0:00:37"]
[BlackClock "0:01:45"]

1. e4 c5 2. Nf3 e6 3. b3 b6 4. Bb2 Bb7 5. Nc3 Nc6 6. d4 cxd4 7. Nxd4 Nf6 8. Nxc6 Bxc6 9. e5 Ne4 10. Nxe4 Bxe4 11. f3 Bc6 12. Bd3 Bb4+ 13. c3 Bc5 14. Qe2 Qg5 15. g3 a5 16. c4 Bb4+ 17. Kf2 Bc5+ 18. Kg2 O-O 19. Be4 Bxe4 20. Qxe4 Qd2+ 0-1


[Site "https://www.chess.com"]

[Event "Titled Tuesday Blitz October 19 2021"]
[White "Hasman, Cengiz"]
[Black "Jobava, Baadur"]
[WhiteFideId "413364"]
[BlackFideId "13601520"]
[WhiteElo "2020"]
[BlackElo "2731"]
[Result "0-1"]
[Round "01"]
[TimeControl "180+1"]
[Date "2021.10.19"]
[WhiteClock "0:00:01"]
[BlackClock "0:01:49"]

1. d4 Nf6 2. c4 c5 3. d5 e6 4. Nc3 exd5 5. cxd5 d6 6. e4 g6 7. f4 Bh6 8. Bb5+ Bd7 9. Bd3 O-O 10. Nf3 Bg4 11. O-O Nbd7 12. h3 Bxf3 13. Qxf3 Re8 14. Be3 a6 15. a4 Rc8 16. g4 Bg7 17. Bf2 c4 18. Bc2 Nc5 19. Bd4 Nfd7 20. Bxg7 Kxg7 21. Rae1 Qb6 22. Kh1 Qxb2 23. e5 Qxc2 24. e6 Nf6 25. f5 g5 26. h4 h6 27. Re3 Nd3 28. Ne4 Nxe4 29. Qxe4 Nf2+ 30. Rxf2 Qxf2 31. f6+ Qxf6 32. Rf3 Qa1+ 33. Kg2 Rc7 34. exf7 Qb2+ 35. Kh3 Rxf7 36. Rxf7+ Kxf7 37. Qh7+ Qg7 38. Qf5+ Qf6 39. Qh7+ Kf8 40. hxg5 Re3+ 41. Kg2 Qf3+ 0-1


[Site "https://www.chess.com"]

[Event "Titled Tuesday Blitz October 19 2021"]
[White "Holt, Conrad"]
[Black "Kubicka, Anna"]
[WhiteFideId "2034387"]
[BlackFideId "1152254"]
[WhiteElo "2586"]
[BlackElo "1903"]
[Result "1-0"]
[Round "01"]
[TimeControl "180+1"]
[Date "2021.10.19"]
[WhiteClock "0:00:05"]
[BlackClock "0:00:03"]

1. d4 Nf6 2. c4 e6 3. Nc3 Bb4 4. Qc2 O-O 5. e4 c5 6. e5 Ne8 7. a3 Ba5 8. dxc5 Bc7 9. Nf3 Nc6 10. Ng5 g6 11. f4 f6 12. exf6 Qxf6 13. g3 d6 14. Be3 Nd4 15. Bxd4 Qxd4 16. Bd3 Qe3+ 17. Kd1 e5 18. Re1 Bg4+ 19. Be2 Bxe2+ 20. Rxe2 Qd4+ 21. Kc1 exf4 22. Ne6 Qg1+ 23. Qd1 Qxd1+ 24. Kxd1 f3 25. Rd2 Rf7 26. Nxc7 Nxc7 27. cxd6 f2 28. Ke2 Re8+ 29. Kf1 Ne6 30. d7 Rd8 31. Rad1 Nc5 32. Rxf2 Rdxd7 33. Rxd7 Rxd7 34. Nd5 Kg7 35. b4 Nd3 36. Rc2 Ne5 37. Ne3 Rd3 38. Ke2 Rxa3 39. c5 Rb3 40. Ra2 Rxb4 41. Rxa7 Kf6 42. Ra2 Rb2+ 43. Rxb2 1-0


[Site "https://www.chess.com"]

[Event "Titled Tuesday Blitz October 19 2021"]
[White "Ibarra Jerez, Jose Carlos"]
[Black "Astafurov, Arseniy"]
[WhiteFideId "2226332"]
[BlackFideId "24175218"]
[WhiteElo "2626"]
[BlackElo "2163"]
[Result "1-0"]
[Round "01"]
[TimeControl "180+1"]
[Date "2021.10.19"]
[WhiteClock "0:00:11"]
[BlackClock "0:00:04"]

1. e4 e6 2. d4 d5 3. Nd2 Be7 4. e5 c5 5. c3 Nc6 6. Bd3 Qb6 7. Ndf3 f6 8. Nh3 Bd7 9. O-O fxe5 10. Nxe5 Nxe5 11. dxe5 O-O-O 12. Qg4 Bf8 13. c4 Nh6 14. Qh5 dxc4 15. Bxc4 Nf5 16. Ng5 Be7 17. b3 Kb8 18. Qh3 Rdf8 19. Ne4 h6 20. Ba3 Rc8 21. Rfd1 Rhd8 22. Rac1 a6 23. Qf3 g5 24. Qh5 Be8 25. Qh3 Rxd1+ 26. Rxd1 Rd8 27. Qf3 Rxd1+ 28. Qxd1 Qc7 29. Bb2 Bd7 30. h3 Bc8 31. Qh5 Bf8 32. Qg6 Qg7 33. Qe8 Qe7 34. Qh5 Qd7 35. Qg4 Qe7 36. Bc3 Nd4 37. Nd6 Bd7 38. Qe4 Bc6 39. Qg6 Ka7 40. Bxd4 cxd4 41. Qxe6 Qxe6 42. Bxe6 Bxd6 43. exd6 Kb8 44. f3 Bb5 45. Kf2 b6 46. g3 a5 47. f4 gxf4 48. gxf4 Be8 49. f5 Bh5 50. f6 d3 51. Ke3 1-0


[Site "https://www.chess.com"]

[Event "Titled Tuesday Blitz October 19 2021"]
[White "Indjic, Aleksandar"]
[Black "Jain, Naveen"]
[WhiteFideId "911925"]
[BlackFideId "5003970"]
[WhiteElo "2643"]
[BlackElo "2036"]
[Result "1-0"]
[Round "01"]
[TimeControl "180+1"]
[Date "2021.10.19"]
[WhiteClock "0:01:17"]
[BlackClock "0:00:03"]

1. d4 Nf6 2. Nf3 c5 3. d5 d6 4. Nc3 g6 5. e4 Bg7 6. Bb5+ Bd7 7. a4 O-O 8. h3 e6 9. O-O exd5 10. exd5 Re8 11. Bf4 Bf5 12. Bxe8 Nxe8 13. Qd2 Na6 14. Rfe1 Qd7 15. Ne4 Bxb2 16. Rab1 Bg7 17. Bh6 Bh8 18. Ng3 b6 19. Nxf5 Qxf5 20. Re7 Nac7 21. Rbe1 Bf6 22. R7e2 Ng7 23. c4 Qd7 24. Bg5 Bxg5 25. Qxg5 Re8 26. Nh2 h5 27. Nf3 Nf5 28. g4 hxg4 29. hxg4 Rxe2 30. Rxe2 Ng7 31. Kg2 Nce8 32. Nd2 Qxa4 33. Re7 Qd1 34. Qf4 f5 35. Nf3 1-0


[Site "https://www.chess.com"]

[Event "Titled Tuesday Blitz October 19 2021"]
[White "Jary, Sergey"]
[Black "Durarbayli, Vasif"]
[WhiteFideId "14110350"]
[BlackFideId "13402935"]
[WhiteElo "2260"]
[BlackElo "2522"]
[Result "0-1"]
[Round "01"]
[TimeControl "180+1"]
[Date "2021.10.19"]
[WhiteClock "0:00:51"]
[BlackClock "0:00:21"]

1. e4 c5 2. Nf3 d6 3. d4 cxd4 4. Nxd4 Nf6 5. f3 Nc6 6. c4 e6 7. Nc3 Be7 8. Be3 O-O 9. Qd2 d5 10. Nxc6 bxc6 11. e5 Nd7 12. f4 Qa5 13. Be2 Ba6 14. O-O Bc5 15. Rfd1 Rab8 16. cxd5 cxd5 17. Bxa6 Qxa6 18. b3 Rbc8 19. Rac1 Qb6 20. Bxc5 Nxc5 21. Qd4 a5 22. Ne2 Rc6 23. Rc2 Rfc8 24. Rdc1 Kf8 25. Kf1 Ke8 26. a3 Kd7 27. b4 axb4 28. axb4 Na4 29. Qxb6 Nxb6 30. Rxc6 Rxc6 31. Rxc6 Kxc6 32. Nd4+ Kd7 33. Ke2 f6 34. Kd3 Nc4 35. Nf3 Kc6 36. Nd4+ Kd7 37. Nf3 fxe5 38. fxe5 h6 39. Kd4 Kc6 40. Kc3 Ne3 41. b5+ Kc5 42. g3 Nf5 43. g4 Ne3 44. h3 Nd1+ 45. Kd3 Nf2+ 46. Kc3 Nxh3 47. Nd4 Ng5 48. Nxe6+ Nxe6 0-1


[Site "https://www.chess.com"]

[Event "Titled Tuesday Blitz October 19 2021"]
[White "Jumabayev, Rinat"]
[Black "Estrada Nieto, Julian"]
[WhiteFideId "13702661"]
[BlackFideId "5101018"]
[WhiteElo "2535"]
[BlackElo "2270"]
[Result "1-0"]
[Round "01"]
[TimeControl "180+1"]
[Date "2021.10.19"]
[WhiteClock "0:02:15"]
[BlackClock "0:00:04"]

1. d4 d5 2. Bf4 Nf6 3. e3 c5 4. c3 Nc6 5. Nd2 e6 6. Ngf3 Bd6 7. Bg3 O-O 8. Bd3 Qe7 9. Qe2 e5 10. dxc5 Bxc5 11. e4 d4 12. O-O dxc3 13. bxc3 Bg4 14. h3 Bh5 15. Bh4 Rfd8 16. Rfd1 h6 17. g4 Bg6 18. Nf1 Qe6 19. Bc4 Qc8 20. Bxf6 gxf6 21. Ng3 Na5 22. Bd5 Qc7 23. Kg2 Bf8 24. Nh4 Rac8 25. Nxg6 Rxd5 26. Ne7+ Bxe7 27. Rxd5 b6 28. Rad1 Qxc3 29. Nf5 Bf8 30. Rd8 Qc5 31. R1d5 Qc3 32. Ne7+ Kg7 33. Nxc8 1-0


[Site "https://www.chess.com"]

[Event "Titled Tuesday Blitz October 19 2021"]
[White "Kollars, Dmitrij"]
[Black "Ozates, Tuna"]
[WhiteFideId "12909572"]
[BlackFideId "6354521"]
[WhiteElo "2584"]
[BlackElo "1872"]
[Result "1-0"]
[Round "01"]
[TimeControl "180+1"]
[Date "2021.10.19"]
[WhiteClock "0:01:21"]
[BlackClock "0:00:56"]

1. Nf3 c5 2. c3 d5 3. d4 cxd4 4. cxd4 Nc6 5. Nc3 Nf6 6. Bg5 Ne4 7. Bf4 Nxc3 8. bxc3 Qa5 9. Qb3 e6 10. e3 Be7 11. Bd3 O-O 12. O-O b6 13. a4 Ba6 14. Bb5 Rac8 15. Rfc1 Bb7 16. h4 a6 17. Bd3 Nb8 18. h5 h6 19. Ne5 Nc6 20. Nd7 Rfe8 21. Nxb6 Nb4 22. Nxc8 Nxd3 23. Qxb7 Nxc1 24. Rxc1 Ba3 25. Rf1 Qxc3 26. Nd6 Rf8 27. Qxa6 f6 28. Nb5 1-0


[Site "https://www.chess.com"]

[Event "Titled Tuesday Blitz October 19 2021"]
[White "Kuegel, Tobias"]
[Black "Timofeev, Artyom"]
[WhiteFideId "4636295"]
[BlackFideId "4140419"]
[WhiteElo "2480"]
[BlackElo "2591"]
[Result "1/2-1/2"]
[Round "01"]
[TimeControl "180+1"]
[Date "2021.10.19"]
[WhiteClock "0:00:37"]
[BlackClock "0:01:33"]

1. e4 e6 2. d4 d5 3. Nd2 dxe4 4. Nxe4 Nd7 5. Nf3 Ngf6 6. Bd3 c5 7. O-O Nxe4 8. Bxe4 Nf6 9. Bg5 Be7 10. Bxf6 gxf6 11. dxc5 Qxd1 12. Raxd1 Bxc5 13. Rfe1 Rb8 14. Nd4 a6 15. Bf5 Bd7 16. Be4 h5 17. Nf5 b6 18. Ng7+ Ke7 19. Bf3 Rbd8 20. Nf5+ Kf8 21. Bc6 exf5 22. Rxd7 Rxd7 23. Bxd7 f4 24. Re8+ Kg7 25. Rxh8 Kxh8 26. Kf1 1/2-1/2


[Site "https://www.chess.com"]

[Event "Titled Tuesday Blitz October 19 2021"]
[White "Le, Tuan Minh"]
[Black "Nguyen Hong Nhung"]
[WhiteFideId "12401153"]
[BlackFideId "12412201"]
[WhiteElo "2450"]
[BlackElo "1661"]
[Result "1-0"]
[Round "01"]
[TimeControl "180+1"]
[Date "2021.10.19"]
[WhiteClock "0:01:54"]
[BlackClock "0:00:47"]

1. d4 f5 2. e4 fxe4 3. Nc3 Nf6 4. f3 e6 5. fxe4 Bb4 6. Bd3 O-O 7. Nf3 d5 8. exd5 exd5 9. O-O Bg4 10. Bg5 Qd7 11. Qe1 Bxf3 12. Rxf3 Nc6 13. Qh4 Ne4 14. Nxe4 dxe4 15. Bxe4 h6 16. Bxh6 1-0


[Site "https://www.chess.com"]

[Event "Titled Tuesday Blitz October 19 2021"]
[White "Maksimovic, Bojan"]
[Black "Krasilnikov, Evgeni"]
[WhiteFideId "14408120"]
[BlackFideId "4139739"]
[WhiteElo "2439"]
[BlackElo "2295"]
[Result "1/2-1/2"]
[Round "01"]
[TimeControl "180+1"]
[Date "2021.10.19"]
[WhiteClock "0:00:10"]
[BlackClock "0:00:07"]

1. e4 c6 2. Bc4 d5 3. Bb3 dxe4 4. Qh5 e6 5. Nc3 Nf6 6. Qh4 Nbd7 7. Nxe4 Nxe4 8. Qxe4 Nf6 9. Qe2 c5 10. Nf3 Be7 11. O-O O-O 12. d4 cxd4 13. Rd1 Qc7 14. Nxd4 a6 15. g3 e5 16. Nf3 Bg4 17. h3 Bxh3 18. Qxe5 Qc6 19. Nh4 Rfe8 20. Be3 Ng4 21. Qd5 Nxe3 22. Qxc6 bxc6 23. fxe3 Bf6 24. c3 Rxe3 25. Kf2 Rae8 26. Re1 Bg5 27. Nf3 Bh6 28. Rad1 Bg4 29. Rxe3 Bxe3+ 30. Kg2 Bc5 31. Rd3 h6 32. Nd4 Re1 33. Kf2 Rb1 34. Rd2 a5 35. Bc2 Rc1 36. Ke3 Bb6 37. Kf4 Bh5 38. Nxc6 Rf1+ 39. Ke5 Bc7+ 40. Kd5 Bxg3 41. Nd4 g5 42. Bb3 Kg7 43. Ke4 Bf4 44. Nf5+ Kf6 45. Rd8 Bg6 46. Rd6+ Bxd6 47. Bc4 Bxf5+ 48. Kd4 g4 49. Kd5 g3 50. Bxf1 h5 51. Kxd6 h4 52. Kd5 h3 53. Bxh3 Bxh3 54. Ke4 g2 55. Kf3 g1=Q 56. Ke4 Qg4+ 57. Kd5 Ke7 58. Kc5 Qf5+ 59. Kc4 Qe5 60. a4 f5 61. b4 f4 62. bxa5 f3 63. a6 Bf1+ 64. Kb4 Bxa6 65. c4 f2 66. a5 Bxc4 67. Kxc4 Qxa5 68. Kd3 Kd6 69. Kd4 Qb4+ 70. Ke3 f1=Q 1/2-1/2


[Site "https://www.chess.com"]

[Event "Titled Tuesday Blitz October 19 2021"]
[White "Miszler, Levente"]
[Black "Lazavik, Denis"]
[WhiteFideId "763276"]
[BlackFideId "13515110"]
[WhiteElo "1966"]
[BlackElo "2436"]
[Result "0-1"]
[Round "01"]
[TimeControl "180+1"]
[Date "2021.10.19"]
[WhiteClock "0:00:11"]
[BlackClock "0:01:37"]

1. Nf3 d5 2. c4 e6 3. g3 Nf6 4. Bg2 dxc4 5. O-O Nbd7 6. Qa4 a6 7. Qxc4 b5 8. Qc2 Bb7 9. d4 c5 10. dxc5 Bxc5 11. a3 Rc8 12. Nc3 O-O 13. Bf4 Qe7 14. Rfd1 Rfd8 15. Rac1 h6 16. b4 Bxf2+ 17. Kxf2 Rxc3 18. Qxc3 Ne4+ 19. Kg1 Nxc3 20. Rxc3 Nf6 21. Rdc1 Nd5 22. Rc5 Nxf4 23. gxf4 Qf6 24. Rc7 Qxf4 25. Rf1 Qxc7 0-1


[Site "https://www.chess.com"]

[Event "Titled Tuesday Blitz October 19 2021"]
[White "Mostbauer, Maximilian"]
[Black "Vokhidov, Shamsiddin"]
[WhiteFideId "1626680"]
[BlackFideId "14204223"]
[WhiteElo "2188"]
[BlackElo "2616"]
[Result "0-1"]
[Round "01"]
[TimeControl "180+1"]
[Date "2021.10.19"]
[WhiteClock "0:02:08"]
[BlackClock "0:02:09"]

1. d4 g6 2. Nf3 Bg7 3. g3 b6 4. Bg2 Bb7 5. O-O Nf6 6. b3 c5 7. Bb2 cxd4 8. Nxd4 Bxg2 9. Kxg2 d5 10. Nf3 Nc6 11. Nbd2 O-O 12. e3 Rc8 13. c4 Qd7 14. cxd5 Qxd5 15. Nc4 Qe4 16. Qb1 Rfd8 17. Qxe4 Nxe4 18. Bxg7 Kxg7 19. Rfd1 b5 20. Nce5 Nxe5 21. Nxe5 Rxd1 22. Rxd1 Rc2 23. Nd3 Rxa2 24. h4 a5 25. Kf3 Nd2+ 26. Kg2 Nxb3 27. Nf4 Rd2 28. Rb1 a4 29. h5 g5 30. h6+ Kxh6 31. Rh1+ Kg7 32. Nh5+ Kg6 33. g4 a3 34. Ng3 a2 35. Nf5 f6 36. Rh6+ Kf7 37. Rxh7+ Kg8 38. Rxe7 a1=Q 0-1


[Site "https://www.chess.com"]

[Event "Titled Tuesday Blitz October 19 2021"]
[White "Nakamura, Hikaru"]
[Black "Bilan, Danila"]
[WhiteFideId "2016192"]
[BlackFideId "24161918"]
[WhiteElo "2884"]
[BlackElo "2164"]
[Result "1-0"]
[Round "01"]
[TimeControl "180+1"]
[Date "2021.10.19"]
[WhiteClock "0:00:58"]
[BlackClock "0:00:02"]

1. Nf3 d5 2. e3 Nf6 3. b3 c5 4. Bb2 Nc6 5. d4 cxd4 6. Nxd4 g6 7. Nxc6 bxc6 8. Be2 Bg7 9. O-O O-O 10. c4 Bf5 11. Nc3 Ne4 12. Qc1 Qa5 13. Na4 Rac8 14. Bxg7 Kxg7 15. Qb2+ Kg8 16. Rfd1 Rfd8 17. Rac1 h5 18. Qe5 e6 19. f3 Nd6 20. h3 h4 21. Qf4 Ne8 22. Qxh4 dxc4 23. e4 cxb3 24. axb3 Rd2 25. Bf1 Rcd8 26. Rxd2 Qxd2 27. Qe1 Qd4+ 28. Qf2 Bxe4 29. Qxd4 Rxd4 30. fxe4 Rxe4 31. Rxc6 Nf6 32. Rc8+ Kg7 33. Bc4 Re1+ 34. Kf2 Rc1 35. Rc7 Ne4+ 36. Ke3 Nd6 37. Kd2 1-0


[Site "https://www.chess.com"]